 Dungeon Crawl Stone Soup version 0.27.1-1-g398f81649c (webtiles) character file.

Game seed: 4304965991330879788

83 acemry the Changer (level 4, -3/28 HPs)
             Began as an Octopode Transmuter on Sept 7, 2021.
             Slain by an orc priest (7 damage)
             ... on level 3 of the Dungeon.
             The game lasted 00:04:01 (1982 turns).

acemry the Changer (Octopode Transmuter)            Turns: 1982, Time: 00:04:02

Health: -3/28      AC:  1    Str:  9    XL:     4   Next: 44%
Magic:  6/7        EV: 13    Int: 16    God:
Gold:   63         SH:  0    Dex: 12    Spells: 3/7 levels left

rFire    . . .     SeeInvis .   c - +1 dagger (venom)
rCold    . . .     Faith    .   (no shield)
rNeg     . . .     Spirit   .   (helmet currently unavailable)
rPois    .         Reflect  .   (no amulet)
rElec    .         Harm     .   (no ring)
rCorr    .         Rampage  .   (no ring)
Will     .....                  (no ring)
Stlth    ++........             (no ring)
HPRegen  0.09/turn              (no ring)
MPRegen  0.10/turn              (no ring)
                                (no ring)
                                (no ring)

@: appendages
A: tentacle spike 3, almost no armour, amphibious, 8 rings, camouflage 1,
gelatinous body 1, (nimble swimmer 1), tentacles
a: End Transformation


You were on level 3 of the Dungeon.
One of your tentacles had grown a beastly spike.
You visited 1 branch of the dungeon, and saw 3 of its levels.

You collected 63 gold pieces.

Inventory:

Hand Weapons
 c - a +1 dagger of venom (weapon)
Missiles
 d - 24 poisoned darts
Scrolls
 b - a scroll of identify
 g - a scroll of magic mapping {unknown}
Potions
 a - a potion of heal wounds
 e - a potion of cancellation
 f - a potion of lignification {unknown}


   Skills:
 - Level 1.0 Fighting
 - Level 2.0 Dodging
 - Level 3.0 Unarmed Combat
 - Level 2.0 Spellcasting
 + Level 4.0 Transmutations
 * Level 2.2 Poison Magic


You had 3 spell levels left.
You knew the following spells:

 Your Spells              Type           Power      Damage    Failure   Level
a - Beastly Appendage     Tmut           28%        N/A       4%          1
b - Spider Form           Tmut/Pois      5%         N/A       17%         3

Your spell library contained the following spells:

 Spells                   Type           Power      Damage    Failure   Level
 Wereblood                Tmut           14%        N/A       6%          2
 Ice Form                 Ice/Tmut       8%         N/A       65%         4


Dungeon Overview and Level Annotations

Branches:
Dungeon (3/15)

Altars:
The Shining One


Innate Abilities, Weirdness & Mutations

One of your tentacles has grown a beastly spike.
You cannot wear most types of armour.
You are amphibious.
You can wear up to eight rings at the same time.
Your skin changes colour to match your surroundings (Stealth+).
Your rubbery body absorbs attacks. (AC +1, EV +1)
((You are camouflaged near water. (Stealth+)))
You have tentacles for arms and can constrict up to eight enemies at once.


Message History

You see here 5 poisoned darts.
The hobgoblin barely misses you.
You see here 2 poisoned darts.
You completely miss the hobgoblin. You grab the hobgoblin.
You pierce the hobgoblin.
You kill the hobgoblin!
No target in view!
d - 18 poisoned darts (gained 2)
d - 23 poisoned darts (gained 5)
Your transformation is almost over.
Things that are here:
a +0 club; 4 stones
d - 24 poisoned darts (gained 1)
There is a stone staircase leading up here.
Your tentacle spike disappears.
There is a stone staircase leading up here.
Found 6 gold pieces.
You now have 63 gold pieces (gained 6).
Found a glowing golden altar of the Shining One.
Found a stone staircase leading down.
There is a stone staircase leading down here.
An orc comes into view. It is wielding a +0 dagger.
An orc is nearby!
One of your tentacles grows a vicious spike.
The orc shouts!
You hear a shout!
An orc priest comes into view. It is wielding a +0 trident.
Found 6 gold pieces.
An orc priest comes into view. It is wielding a +0 flail.
You hit the orc.
The orc is poisoned.
You grab the orc.
The orc is lightly wounded.
You constrict the orc.
The orc priest hits you from afar with a +0 trident.
The orc hits you with a +0 dagger.
The orc priest calls down the wrath of Beogh upon you.
Beogh smites you!
Ouch! That really hurt!
* * * LOW HITPOINT WARNING * * *
You release your grip on the orc.
The orc priest hits you from afar with a +0 trident!
You die...

....## ..
##.#..###.#.##
......#
#..........#
....#..
##..###...##
.#.).... #..#
##..# .####...
#..# #### .#
#. #..# .#
#..# .# ###..#
.# ##o@..#
#..##.#
#.oo###.# #...
..# ...#. ..#
#..##. ..# #..
## .# $.. ..


You could see 2 orc priests and an orc (very poisoned).

Vanquished Creatures
  Jessica (D:2)
  2 adders (D:2)
  2 worms (D:3)
  2 bats (D:2)
  2 endoplasms (D:2)
  A giant cockroach (D:2)
  4 goblins
  3 hobgoblins
  6 kobolds
  A quokka (D:1)
  2 ball pythons (D:2)
  A frilled lizard (D:1)
  8 rats
35 creatures vanquished.

Notes
Turn   | Place    | Note
-------+----------+-------------------------------------------
     0 | D:1      | acemry the Octopode Transmuter began the quest for the Orb.
     0 | D:1      | Reached XP level 1. HP: 13/13 MP: 3/3
   323 | D:1      | Reached XP level 2. HP: 16/18 MP: 3/5
   609 | D:1      | Reached skill level 3 in Transmutations
   688 | D:2      | Reached XP level 3. HP: 18/23 MP: 6/6
   692 | D:2      | Learned a level 3 spell: Spider Form
   777 | D:2      | Noticed Jessica
   789 | D:2      | Killed Jessica
   790 | D:2      | Reached skill level 1 in Poison Magic
  1165 | D:2      | Reached XP level 4. HP: 28/28 MP: 5/7
  1736 | D:3      | Reached skill level 4 in Transmutations
  1922 | D:3      | Found a glowing golden altar of the Shining One.
  1982 | D:3      | Slain by an orc priest

Illustrated notes

Levels and vault maps discovered:
D:1:      scummos_arrival_gate, layout_basic
D:2:      layout_basic, uniq_jessica
D:3:      layout_rooms, kennysheep_slug_shrine, tso_metal_star,
          shapermc_ecumenical_altar_flowoftime, hangedman_decor_clover_reticule,
          hangedman_abyss_or_decor_lesser_grid, chequers_serial_rivers_marsh

Skill      XL: |  1  2  3  4 |
---------------+-------------+-----
Transmutations | 3 4 |  4.0
Poison Magic   | 1 2 |  2.2
Fighting       | |  1.0
Dodging        | |  2.0
Unarmed Combat | |  3.0
Spellcasting   | |  2.0

Action                   |  1- 3 |  4- 6 || total
-------------------------+-------+-------++-------
Melee: Unarmed           |     8 |       ||     8
       Dagger            |    32 |    21 ||    53
       Constrict         |    14 |    10 ||    24
       Tentacles         |     9 |     6 ||    15
       Kick              |     7 |     5 ||    12
       Punch             |     2 |       ||     2
Throw: Dart              |     3 |    21 ||    24
 Cast: Beastly Appendage |    14 |    11 ||    25
  Use: Scroll            |     2 |       ||     2
 Stab: Sleeping          |     2 |     1 ||     3
Armor: Skin              |     6 |     1 ||     7
Dodge: Dodged            |    22 |     9 ||    31
